 Dungeon Crawl Stone Soup version 0.25-a0-890-g62861fb (webtiles) character file.

Game seed: 13267161447964012544, levelgen mode: deterministic

349 caco the Conjurer (level 6, 0/41 HPs)
             Began as a Demonspawn Wizard on Apr 21, 2020.
             Slain by an orc priest (1 damage)
             ... on level 4 of the Dungeon on May 10, 2020.
             The game lasted 00:12:03 (5511 turns).

caco the Conjurer (Demonspawn Wizard)               Turns: 5511, Time: 00:12:03

Health: 0/41       AC:  5    Str:  7    XL:     6   Next: 33%
Magic:  10/13      EV: 12    Int: 21    God:
Gold:   296        SH:  0    Dex: 12    Spells: 4/14 levels left

rFire    . . .     SeeInvis .   f - +2 dagger (venom)
rCold    . . .     Gourm    .   (no shield)
rNeg     . . .     Faith    .   a - +0 robe
rPois    .         Spirit   .   b - +0 hat
rElec    .         Reflect  .   (no cloak)
rCorr    .         Harm     .   (no gloves)
MR       .....                  (no boots)
Stlth    ++++......             (no amulet)
HPRegen  0.13/turn              s - ring of stealth (curse)
MPRegen  0.13/turn              u - ring of stealth

@: lightly drained
A: claws 1, molten scales 2, spiny 1
a: no special abilities


You were on level 4 of the Dungeon.
You were hungry.

You visited 1 branch of the dungeon, and saw 4 of its levels.

You collected 296 gold pieces.


Innate Abilities, Weirdness & Mutations

You have sharp fingernails.
You are mostly covered in molten scales. (AC +3)
You are partially covered in sharp spines.


   Skills:
 - Level 1.7(1.5) Dodging
 - Level 1.7(1.5) Stealth
 + Level 4.7(4.4) Spellcasting
 + Level 5.1(4.8) Conjurations
 - Level 1.0(0.7) Summonings
 - Level 0.8(0.6) Translocations


You had 4 spell levels left.
You knew the following spells:

 Your Spells              Type           Power        Failure   Level  Hunger
b - Blink                 Tloc           N/A          14%         2    #......
c - Call Imp              Summ           #.......     13%         2    #......
x - Slow                  Hex            #.......     17%         2    #......
z - Magic Dart            Conj           ####         1%          1    None
Z - Conjure Flame         Conj/Fire      ##......     13%         3    ##.....

Your spell library contained the following spells:

 Spells                   Type           Power        Failure   Level  Hunger
 Mephitic Cloud           Conj/Pois/Air  ##......     19%         3    ##.....

Inventory:

Hand Weapons
 f - a +2 dagger of venom (weapon)
 p - a +1 short sword of draining
Missiles
 h - 244 stones (quivered)
 v - 15 poisoned darts
Armour
 a - a +0 robe (worn)
 b - a +0 hat (worn)
Jewellery
 s - a cursed ring of stealth (left claw)
 u - a ring of stealth (right claw)
Scrolls
 c - 3 scrolls of remove curse
 l - 5 scrolls of teleportation {@r4}
 m - 2 scrolls of enchant armour {unknown}
 o - a scroll of noise {unknown}
 r - a scroll of fear {unknown}
Potions
 e - 4 potions of curing {@q1}
 i - a potion of haste {@q3}
 j - a potion of mutation {!q}
 k - a potion of stabbing
 n - a potion of might
 q - a potion of lignification {!q}
 t - 2 potions of cancellation {unknown}
Comestibles
 d - 4 rations
 g - 6 chunks of flesh

Dungeon Overview and Level Annotations

Branches:
Dungeon (4/15)
 Temple: D:4-7

Altars:
Gozag
Makhleb
Wu Jian

#...#...#.........#
#....#.......#....#
#..#...#...#...#..#
#...###.....###...#
#.#.#.#...#.#.#.#.#
#########...##'..)..'##...#
#..........#...#####...#..#
#.#######....#.#o.)#รท.....###
#.# #.####.6o.!#........# #.#
#......#).!#.....##.# ##.##
#.)#...#####...#.##.# ....#
##..##+.....'##..##.# ##..#
##.# #.###.#.#.###.# ##..# ..#
..#..###..##.# .><.# #.
#.#.#...#.##.# ###.# #
.#...#...##.# ###.#
#######.##.#


You could see an orc priest and an orc.


Message History

The orc wizard is moderately wounded.
You kill the orc wizard!
Your base Conjurations skill increases to level 5!
The orc priest calls upon Beogh to heal the orc.
The orc's wounds heal themselves!
The orc wizard barely misses you. The orc hits you but does no damage.
Unknown command.
You hit the orc wizard.
The orc wizard looks as sick as possible!
The orc wizard is severely wounded.
The orc is struck by your spines. The orc hits you but does no damage.
The orc priest invokes the aid of Beogh against you.
Beogh smites you!
* * * LOW HITPOINT WARNING * * *
The orc wizard casts a spell.
The orc wizard blinks!
The orc closely misses you.
Unknown command.
You hit the orc.
You kill the orc!
You kill the orc wizard!
You hit the orc priest.
The orc priest is poisoned.
The orc priest is lightly wounded.
The orc is struck by your spines. The orc hits you but does no damage.
The orc priest hits you.
You die...

Action                   |  1- 3 |  4- 6 || total
-------------------------+-------+-------++-------
Melee: Short sword       |    16 |    12 ||    28
       Dagger            |       |    41 ||    41
 Cast: Magic Dart        |    94 |    87 ||   181
       Call Imp          |     8 |    11 ||    19
       Slow              |     1 |       ||     1
       Conjure Flame     |       |     5 ||     5
       Blink             |       |     2 ||     2
  Use: Scroll            |       |     8 ||     8
 Stab: Sleeping          |       |     1 ||     1
  Eat: Chunk             |     5 |     6 ||    11
       Ration            |       |     1 ||     1
Armor: Robe              |    16 |    14 ||    30
Dodge: Dodged            |    27 |    30 ||    57

Levels and vault maps discovered:
D:1:      heliophobic_arrival_battle_scene, layout_loops_ring
D:2:      kennysheep_the_goblin_king, layout_basic,
          lemuel_coloured_pillars_altar, serial_rivers,
          chequers_serial_rivers_marsh, chequers_serial_rivers_small_a,
          chequers_serial_rivers_micro_a, chequers_serial_rivers_micro_a,
          chequers_serial_rivers_room_a, chequers_serial_rivers_micro_d,
          minmay_tiny_reverse_x
D:3:      layout_basic, lemuel_crystal_altar, old_standard_altar
D:4:      layout_loops_ring, minmay_fractal_squares_diagonal_5

Notes
Turn   | Place    | Note
-------+----------+-------------------------------------------
     0 | D:1      | caco the Demonspawn Wizard began the quest for the Orb.
     0 | D:1      | Reached XP level 1. HP: 13/13 MP: 4/4
   246 | D:1      | Reached skill level 2 in Conjurations
   275 | D:1      | Gained mutation: You are partially covered in molten
                  | scales. (AC +2) [demonic ancestry]
   275 | D:1      | Reached XP level 2. HP: 11/19 MP: 0/6
  1113 | D:1      | Learned a level 2 spell: Slow
  1117 | D:1      | Learned a level 2 spell: Call Imp
  1120 | D:1      | Learned a level 2 spell: Blink
  1270 | D:2      | Reached skill level 3 in Conjurations
  1284 | D:2      | Gained mutation: You are mostly covered in molten scales.
                  | (AC +3) [demonic ancestry]
  1284 | D:2      | Reached XP level 3. HP: 24/24 MP: 0/7
  1966 | D:2      | Found an opulent altar of Gozag.
  2600 | D:3      | Found a burning altar of Makhleb.
  2661 | D:3      | Reached XP level 4. HP: 27/30 MP: 0/9
  2964 | D:3      | Learned a level 3 spell: Conjure Flame
  3160 | D:3      | Found an ornate altar of the Wu Jian Council.
  3266 | D:3      | Reached skill level 4 in Conjurations
  3998 | D:4      | Gained mutation: You are partially covered in sharp spines.
                  | [demonic ancestry]
  3998 | D:4      | Reached XP level 5. HP: 28/35 MP: 5/10
  4474 | D:4      | Noticed an ogre
  4617 | D:4      | Noticed a phantom
  4928 | D:4      | Reached skill level 4 in Spellcasting
  5429 | D:4      | Noticed an ogre
  5436 | D:4      | Got a smoking hand axe
  5451 | D:4      | Killed an ogre
  5451 | D:4      | Gained mutation: You have sharp fingernails. [demonic
                  | ancestry]
  5451 | D:4      | Reached XP level 6. HP: 41/41 MP: 2/12
  5503 | D:4      | Upgraded the game from 0.25-a0-829-g4e6a552 to
                  | 0.25-a0-890-g62861fb
  5508 | D:4      | Reached skill level 5 in Conjurations
  5509 | D:4      | HP: 1/41 [orc priest/divine providence (8)]
  5511 | D:4      | Slain by an orc priest

Vanquished Creatures
  An orc priest (D:4)
  3 orc wizards (D:4)
  2 worker ants (D:4)
  A hound skeleton (D:3)
  3 adders
  A howler monkey skeleton (D:4)
  An ooze (D:3)
  2 adder skeletons (D:4)
  2 worms
  2 dart slugs
  3 leopard geckos
  7 orcs
  A giant cockroach (D:1)
  15 goblins
  9 hobgoblins
  2 ball pythons
  5 bats
  3 frilled lizards
  12 kobolds
  7 rats
82 creatures vanquished.

Vanquished Creatures (collateral kills)
  An ogre (D:4)
  An adder (D:2)
  A worm (D:2)
3 creatures vanquished.

Grand Total: 85 creatures vanquished
